 Dungeon Crawl Stone Soup version 0.22-a0-353-g2d6336e (console) character file.

19 bli the Magician (level 2, 0/20 HPs)
             Began as a Gnoll Wanderer on Apr 15, 2018.
             Slain by a leopard gecko (3 damage)
             ... on level 1 of the Dungeon.
             The game lasted 00:01:45 (692 turns).

bli the Magician (Gnoll Wanderer)                    Turns: 692, Time: 00:01:46

Health: 0/20       AC:  2    Str: 15    XL:     2   Next: 75%
Magic:  10/10      EV: 14    Int: 13    God:
Gold:   17         SH:  0    Dex: 14    Spells: 15/15 levels left

rFire    . . .     SeeInvis .   a - +2 dagger
rCold    . . .     Gourm    .   (no shield)
rNeg     . . .     Faith    .   e - +0 robe
rPois    .         Spirit   .   (no helmet)
rElec    .         Reflect  .   (no cloak)
rCorr    .         Harm     .   (no gloves)
MR       .....     Rnd*Tele +   (no boots)
Stlth    +++.......             (no amulet)
HPRegen  0.06/turn              g - ring of teleportation (curse)
MPRegen  0.12/turn              (no ring)

@: no status effects
A: distributed training, fangs 1, strong nose
a: no special abilities


You were on level 1 of the Dungeon.
You were not hungry.

You visited 1 branch of the dungeon, and saw 1 of its levels.

You collected 17 gold pieces.

Inventory:

Hand Weapons
 a - a +2 dagger (weapon)
Missiles
 c - 14 stones (quivered)
Armour
 e - a +0 robe (worn)
 h - a +0 scale mail
Jewellery
 g - a cursed ring of teleportation (left hand)
Potions
 b - a potion of heal wounds
 d - a potion of curing {unknown}
Comestibles
 f - 2 rations
 i - 4 chunks of flesh


   Skills:
 + Level 0.5 Fighting
 + Level 0.5 Short Blades
 + Level 0.5 Long Blades
 + Level 0.5 Axes
 + Level 0.5 Maces & Flails
 + Level 2.5 Polearms
 + Level 0.5 Staves
 + Level 0.5 Slings
 + Level 0.5 Bows
 + Level 0.5 Crossbows
 + Level 0.5 Throwing
 + Level 0.5 Armour
 + Level 4.5 Dodging
 + Level 4.1 Stealth
 + Level 0.5 Shields
 + Level 0.5 Unarmed Combat
 + Level 7.1 Spellcasting
 + Level 0.3 Conjurations
 + Level 0.3 Hexes
 + Level 3.7 Charms
 + Level 0.3 Summonings
 + Level 0.3 Necromancy
 + Level 0.3 Translocations
 + Level 0.3 Transmutations
 + Level 0.3 Fire Magic
 + Level 0.3 Ice Magic
 + Level 0.3 Air Magic
 + Level 0.3 Earth Magic
 + Level 0.3 Poison Magic
 + Level 0.6 Invocations
 + Level 0.5 Evocations


You had 15 spell levels left.
You didn't know any spells.

Dungeon Overview and Level Annotations

Branches:
Dungeon (1/15)

Altars:


Innate Abilities, Weirdness & Mutations

Your experience applies equally to all skills.
You have very sharp teeth.
Your uncanny sense of smell can sniff out nearby items.


Message History

You hit the hobgoblin.
You kill the hobgoblin!
The leopard gecko bites you.
You hit the leopard gecko but do no damage.
Your bite misses the leopard gecko.
The leopard gecko is moderately wounded.
The leopard gecko bites you.
* * * LOW HITPOINT WARNING * * *
You hit the leopard gecko.
The leopard gecko is lightly wounded.
The leopard gecko misses you. x2
You hit the leopard gecko.
The leopard gecko is severely wounded.
The leopard gecko hisses menacingly.
The leopard gecko barely misses you.
The leopard gecko bites you but does no damage.
You hit the leopard gecko.
You kill the leopard gecko!
The leopard gecko bites you.
You die...

..................###..
#.#..#.#.....#...÷.÷..#
####.#..........#.≈≈≈≈≈≈≈≈
#..............##.≈#######
#..##......##...##.≈ # #.
#...........##.≈ + #.
###.............≈ # ..
....##..##...... .
####...K..###... #♣
.....##l#.# .. ♣≈ ##.#.
#@#..# #. #. # #.)......
#. . #####...# +. #..# #.
... #. ∆ ♣≈ #♣ # + #


You could see a leopard gecko and a kobold.

Vanquished Creatures
  2 adder zombies (D:1)
  2 leopard geckos (D:1)
  4 hobgoblins (D:1)
  A kobold (D:1)
  A rat (D:1)
10 creatures vanquished.

Notes
Turn   | Place    | Note
-------+----------+-------------------------------------------
     0 | D:1      | bli the Gnoll Wanderer began the quest for the Orb.
     0 | D:1      | bli set off with: a +2 dagger, a potion of heal wounds, a +0 robe, a ration
     0 | D:1      | Reached XP level 1. HP: 13/13 MP: 8/8
   223 | D:1      | Reached XP level 2. HP: 5/19 MP: 10/10
   692 | D:1      | Slain by a leopard gecko

Vault maps used:
D:1:      saegor_arrival_fortress

Action                   || total
-------------------------++-------
Melee: Dagger            ||    75
       Bite              ||     9
       Punch             ||     1
Armor: Robe              ||     6
Dodge: Dodged            ||    56

Table legend:
 A = Spawn XP
 B = Non-spawn XP
 C = Spawn XP percentage of total XP
 D = Spawn monster count
 E = Non-spawn monster count
 F = Spawn count percentage of total count
 G = Total turns spent on level
                    A         B        C        D         E        F      G
               +---------+---------+-------+---------+---------+-------+---------
         Total |       0 |      28 |   0.0 |       0 |      10 |   0.0 |   692
               +---------+---------+-------+---------+---------+-------+---------
           D:1 |       0 |      28 |   0.0 |       0 |      10 |   0.0 |   692
               +---------+---------+-------+---------+---------+-------+---------
